 Dungeon Crawl Stone Soup version 0.31-a0-232-gb1c03b2570 (webtiles) character file.

Game seed: 17902580759680779751

112 qw the Shooter (level 4, -7/26 HPs)
             Began as a Gargoyle Hexslinger on July 7, 2023.
             Mangled by Sigmund
             ... wielding a +0 scythe
              (9 damage)
             ... on level 4 of the Dungeon.
             The game lasted 00:00:55 (2175 turns).

qw the Shooter (Gargoyle Hexslinger)                Turns: 2175, Time: 00:00:55

Health: -7/26      AC:  8    Str: 11    XL:     4   Next: 93%
Magic:  5/5        EV: 10    Int: 14    God:
Gold:   94         SH:  0    Dex: 20    Spells: 4/5 levels left

rFire   . . .        Y - +2 sling
rCold   . . .        (no shield)
rNeg    + . .        j - +0 ring mail
rPois   inf          (no helmet)
rElec   +            (no cloak)
rCorr   .            (no gloves)
SInv    .            (no boots)
Will    .....        (no amulet)
Stlth   +            h - +6 ring of dexterity
HPRegen 0.24/turn    (no ring)
MPRegen 0.09/turn

%: no passive effects
@: no status effects
A: sickness immunity, AC +3, negative energy resistance 1, electricity
resistance, torment resistance 1, petrification resistance
a: no special abilities


You were on level 4 of the Dungeon.
You visited 1 branch of the dungeon, and saw 4 of its levels.

You collected 118 gold pieces.
You spent 24 gold pieces at shops.


Innate Abilities, Weirdness & Mutations

You are immune to sickness and miasma.
Your stone body is resilient. (AC +3)
You are immune to poison.
You resist negative energy. (rN+)
You are resistant to electric shocks. (rElec)
You are resistant to unholy torment.
You are immune to petrification.


   Skills:
 - Level 2.0 Fighting
 + Level 4.4 Ranged Weapons
 - Level 1.0 Armour
 - Level 1.5 Dodging
 - Level 1.0 Spellcasting
 - Level 2.6 Hexes


You had 4 spell levels left.
You knew the following spells:

 Your Spells              Type           Power      Damage    Failure   Level
a - Slow                  Hex            32%        N/A       21%         1

Your spell library contained the following spells:

 Spells                   Type           Power      Damage    Failure   Level
 Inner Flame              Hex/Fire       4%         N/A       71%         3
 Portal Projectile        Hex/Tloc       8%         N/A       71%         3
 Cause Fear               Hex            4%         N/A       90%         4

Inventory:

Hand Weapons
 Y - a +2 sling (weapon)
Armour
 j - a +0 ring mail (worn)
Jewellery
 h - a +6 ring of dexterity (left hand)
Scrolls
 b - a scroll of blinking {unknown}
 c - a scroll of identify
Potions
 a - a potion of resistance {unknown}
 f - a potion of brilliance {unknown}

Dungeon Overview and Level Annotations

Branches:
Dungeon (4/15)
 Temple: D:4-7

Altars:
Vehumet

Shops:
D:3 ?

Annotations:
D:4 Sigmund


Message History

The sling bullet hits Sigmund but does no damage.
You shoot a sling bullet. The sling bullet hits Sigmund.
Sigmund is lightly wounded.
Sigmund barely misses you.
You shoot a sling bullet. The sling bullet barely misses Sigmund.
Sigmund mumbles some strange words.
Sigmund flickers and vanishes!
Deactivating autopickup; reactivate with Ctrl-A.
Something hits you but does no damage.
You shoot a sling bullet. You shoot a sling bullet. Something hits you.
You shoot a sling bullet. The sling bullet hits the dart slug.
The dart slug is heavily wounded.
Something hits you.
You shoot a sling bullet. The sling bullet hits the dart slug.
You kill the dart slug!
A magic dart appears from out of thin air!
The magic dart hits you.
You shoot a sling bullet. Something hits you but does no damage.
You shoot a sling bullet.
A magic dart appears from out of thin air!
The magic dart hits you.
You shoot a sling bullet. Something hits you but does no damage.
You shoot a sling bullet. Something hits you but does no damage.
You shoot a sling bullet. Something hits you.
You shoot a sling bullet. Something hits you.
You shoot a sling bullet.
You hear some strange, mumbled words.
Something tries to affect you, but you resist.
You shoot a sling bullet. Something hits you!
You shoot a sling bullet. Something hits you!
You die...

#......# # ... #......#.#
w.# #......#.## ..#
#.........# ..
#......#..# #.#
#......#..# #..
#......#..# .
######.####......#..#....
......{.@.^####.....'....
##.....###.# ##)#..#....
#..... #.# #.#..# .
#....# #.#####.#..# #....
#.#.....#..# #....
#.#.#####..# #.$.
#.#........# #...
..#....#...#
##..#........#


There were no monsters in sight!

Vanquished Creatures
  3 adders
  A worm (D:2)
  3 dart slugs
  7 orcs (D:3)
  6 endoplasms
  3 giant cockroaches
  4 goblins
  6 hobgoblins
  5 jackals
  8 ball pythons
  2 bats
  5 frilled lizards
  5 kobolds
  7 rats
65 creatures vanquished.

Notes
Turn   | Place    | Note
-------+----------+-------------------------------------------
     0 | D:1      | qw the Gargoyle Hexslinger began the quest for the Orb.
     0 | D:1      | Reached XP level 1. HP: 12/12 MP: 2/2
     0 | D:1      | 0 ||| qw: Version: 0.3-a-46-gb1f654a
     0 | D:1      | 0 ||| qw: Game counter: 2630
     0 | D:1      | 0 ||| qw: Melee chars always use a shield: true
     0 | D:1      | 0 ||| qw: God list: Okawaru
     0 | D:1      | 0 ||| qw: Allow faded altars: false
     0 | D:1      | 0 ||| qw: Do Orc after clearing Dungeon:15 true
     0 | D:1      | 0 ||| qw: Do second Lair branch before Depths: true
     0 | D:1      | 0 ||| qw: Lair rune preference: random
     0 | D:1      | 0 ||| qw: Goals: Normal
     0 | D:1      | 0 ||| PLANNING D:1-11
   177 | D:1      | Reached XP level 2. HP: 16/16 MP: 3/3
   241 | D:1      | Found a faded altar of an unknown god.
   248 | D:1      | Reached skill level 3 in Ranged Weapons
   350 | D:1      | Reached XP level 3. HP: 21/21 MP: 4/4
   462 | D:1      | 462 ||| UPGRADING to +0 leather armour.
   472 | D:1      | 472 ||| DROPPING +0 robe.
   473 | D:1      | 473 ||| UPGRADING to +0 ring mail.
   483 | D:1      | 483 ||| DROPPING +0 leather armour.
   484 | D:1      | 484 ||| UPGRADING to +6 ring of dexterity.
   485 | D:1      | 485 ||| READING scroll labelled VASE ONAMU.
   489 | D:1      | 489 ||| READING scroll labelled WAGGEO BAIT.
   490 | D:1      | 490 ||| DRINKING 2 fuming amethyst potions.
   491 | D:1      | 491 ||| DROPPING scroll of poison.
   951 | D:2      | You fall into a shaft and drop 1 floor!
  1009 | D:3      | Reached XP level 4. HP: 23/26 MP: 5/5
  1024 | D:3      | Found a radiant altar of Vehumet.
  1127 | D:3      | Found Ditafeock's Magic Scroll Shoppe.
  1144 | D:3      | 1144 ||| SHOPLISTING scroll of brand weapon (114 gold, have
                  | 65).
  1144 | D:3      | 1144 ||| SHOPLISTING scroll of enchant armour (90 gold,
                  | have 65).
  1144 | D:3      | 1144 ||| BUYING scroll of identify (24 gold).
  1144 | D:3      | Bought a scroll of identify for 24 gold pieces
  1174 | D:3      | Reached skill level 4 in Ranged Weapons
  1222 | D:3      | Reached skill level 1 in Armour
  1518 | D:3      | 1518 ||| READING 2 scrolls labelled DOETHRIW WOSE.
  1519 | D:3      | 1519 ||| READING scroll labelled MIWNIU VAPSI.
  1520 | D:3      | 1520 ||| READING scroll labelled KESIOST VAOLL.
  1621 | D:3      | 1621 ||| READING scroll labelled MIUQIO QAJEANIXU.
  1622 | D:3      | 1622 ||| DROPPING scroll of immolation.
  1792 | D:2      | 1792 ||| READING scroll labelled MEEWKE KELAEF.
  1851 | D:3      | HP: 1/26 [orc/+0 flail (6)]
  1852 | D:3      | 1852 ||| DRINKING potion of heal wounds.
  2004 | D:3      | 2004 ||| READING scroll labelled KYNNATHR OTIVUA.
  2005 | D:3      | 2005 ||| DRINKING 2 grey potions.
  2040 | D:3      | 2040 ||| DROPPING potion of lignification.
  2156 | D:4      | Noticed Sigmund
  2159 | D:4      | 2159 ||| Stepping ~*~*~tactically~*~*~ (outnumbered).
  2174 | D:4      | HP: 2/26 [something (7)]
  2175 | D:4      | Mangled by Sigmund

Levels and vault maps discovered:
D:1:      evilmike_arrival_plus, layout_basic, ebering_ecumenical_altar_rust
D:2:      layout_loops_cross
D:3:      layout_loops_cross, mainiacjoe_overflow_alcove_4, serial_shops,
          nicolae_shop_tiny_real_fake_doors
D:4:      layout_basic, serial_shops, shop, grunt_decor_mini_mirrors,
          uniq_sigmund, uniq_eustachio

Skill      XL: |  1  2  3  4 |
---------------+-------------+-----
Ranged Weapons | 3 4 |  4.4
Fighting       | 2 |  2.0
Armour         | 1 |  1.0
Dodging        | |  1.5
Spellcasting   | |  1.0
Hexes          | |  2.6

Action                     |  1- 3 |  4- 6 || total
---------------------------+-------+-------++-------
   Fire: Sling             |   104 |   116 ||   220
    Use: Scroll            |     2 |     6 ||     8
         Potion            |     1 |     2 ||     3
 Armour: Robe              |    14 |       ||    14
         Ring mail         |    12 |    29 ||    41
  Dodge: Dodged            |    28 |    36 ||    64

Table legend:
 A = Non-vault XP
 B = Vault XP
 C = Vault XP percentage of total XP
 D = Non-vault monster count
 E = Vault monster count
 F = Vault count percentage of total count
                 A         B        C        D         E       F
            +---------+---------+-------+---------+---------+-------
      Total |     160 |       0 |   0.0 |      65 |       0 |   0.0
            +---------+---------+-------+---------+---------+-------
        D:1 |      44 |       0 |   0.0 |      24 |       0 |   0.0
        D:2 |      27 |       0 |   0.0 |       9 |       0 |   0.0
        D:3 |      73 |       0 |   0.0 |      25 |       0 |   0.0
        D:4 |      16 |       0 |   0.0 |       7 |       0 |   0.0
            +---------+---------+-------+---------+---------+-------
